 Dungeon Crawl Stone Soup version 0.24.0-1-gfbc8707 (webtiles) character file.

Game seed: 14526124284970497444, levelgen mode: deterministic

32963 pkoi the Fencer (level 13, -22/116 HPs)
             Began as a Minotaur Gladiator on Nov 4, 2019.
             Was the Champion of Dithmenos.
             Hit by a large rock thrown by a cyclops (34 damage)
             ... on level 2 of the Orcish Mines.
             The game lasted 00:25:47 (16791 turns).

pkoi the Fencer (Minotaur Gladiator)               Turns: 16791, Time: 00:25:48

Health: -22/116    AC: 24    Str: 22      XL:     13   Next: 34%
Magic:  0/14       EV: 12    Int:  4 (5)  God:    Dithmenos [******]
Gold:   1020       SH:  0    Dex: 14      Spells: 12/12 levels left

rFire    . . .     SeeInvis .   a - +1 great sword (flame)
rCold    . . .     Gourm    .   (shield currently unavailable)
rNeg     + . .     Faith    .   A - +1 plate armour {rPois}
rPois    +         Spirit   +   c - +1 hat
rElec    .         Reflect  .   w - +0 cloak
rCorr    .         Harm     .   n - +0 pair of gloves
MR       +....                  E - +2 pair of boots
Stlth    ..........             G - amulet of guardian spirit
HPRegen  0.29/turn              x - ring of protection from magic
MPRegen  0.14/turn              F - ring of positive energy

@: wreathed by umbra
A: retaliatory headbutt, horns 2, deterioration 1, shaggy fur 1
a: Shadow Step, Shadow Form, Renounce Religion


You were on level 2 of the Orcish Mines.
You worshipped Dithmenos.
Dithmenos was exalted by your worship.
You were not hungry.

You visited 4 branches of the dungeon, and saw 17 of its levels.

You collected 1433 gold pieces.
You spent 413 gold pieces at shops.

Inventory:

Hand Weapons
 a - a +1 great sword of flaming (weapon)
 q - a +1 scimitar of flaming
 t - a +1 long sword
 D - a +0 shortbow
Missiles
 b - 208 arrows
 d - 5 throwing nets (quivered)
Armour
 c - a +1 hat (worn)
 n - a +0 pair of gloves (worn)
 u - a +4 chain mail of fire resistance
 w - a +0 cloak (worn)
 A - a +1 plate armour of poison resistance (worn)
 E - a +2 pair of boots (worn)
Jewellery
 m - an uncursed ring of protection from fire
 x - a ring of protection from magic (left hand)
 y - an uncursed amulet of the gourmand
 F - a ring of positive energy (right hand)
 G - an amulet of guardian spirit (around neck)
Wands
 p - a wand of acid (6)
 z - a wand of random effects (11)
 L - a wand of disintegration (15)
Scrolls
 e - 12 scrolls of identify
 h - 3 scrolls of amnesia
 l - 7 scrolls of teleportation
 v - 2 scrolls of fog
 H - 3 scrolls of enchant weapon
 I - a scroll of remove curse
Potions
 g - a potion of mutation {!q}
 i - 5 potions of heal wounds
 j - 6 potions of curing
 k - 3 potions of brilliance
 o - 3 potions of lignification
 r - a potion of berserk rage
 s - a potion of haste
 B - 2 potions of invisibility
 C - a potion of might
 J - a potion of resistance
 M - a potion of flight
Comestibles
 f - 24 rations
 K - 6 chunks of flesh


   Skills:
 + Level 11.0 Fighting
 + Level 15.8 Long Blades
 + Level 9.7 Bows
   Level 0.4 Crossbows
 - Level 2.0 Throwing
 + Level 10.7 Armour
 + Level 10.4 Dodging
 - Level 3.0 Stealth
 - Level 3.2 Invocations


You had 12 spell levels left.
You didn't know any spells.
Your spell library contained the following spells:

 Spells                   Type           Power        Failure   Level  Hunger
 Confusing Touch          Hex            #.....       100%        1    ##.....
 Shock                    Conj/Air       #...         100%        1    ##.....
 Corpse Rot               Necr           N/A          100%        2    ###....
 Sublimation of Blood     Necr           #.........   100%        2    ###....
 Swiftness                Chrm/Air       #.......     100%        2    ###....
 Confuse                  Hex            #.......     100%        3    ####...
 Gell's Gravitas          Tloc           #.........   100%        3    ####...
 Recall                   Summ/Tloc      N/A          100%        3    ####...
 Static Discharge         Conj/Air       #.......     100%        3    ####...
 Airstrike                Air            #.........   100%        4    #####..
 Petrify                  Tmut/Erth      #.......     100%        4    #####..
 Agony                    Necr           #.......     100%        5    ######.
 Aura of Abjuration       Summ           #.........   100%        5    ######.
 Bolt of Draining         Conj/Necr      #.........   100%        5    ######.
 Dispel Undead            Necr           #.......     100%        5    ######.
 Excruciating Wounds      Chrm/Necr      #.........   100%        5    ######.
 Lightning Bolt           Conj/Air       #.........   100%        5    ######.
 Metabolic Englaciation   Hex/Ice        #.........   100%        5    ######.
 Summon Demon             Summ           #.........   100%        5    ######.
 Summon Forest            Summ/Tloc      #.........   100%        5    ######.
 Summon Mana Viper        Hex/Summ       #.......     100%        5    ######.
 Yara's Violent Unravell  Hex/Tmut       #.........   100%        5    ######.
 Shadow Creatures         Summ           N/A          100%        6    #######


Dungeon Overview and Level Annotations

Branches:
Dungeon (12/15)            Temple (1/1) D:5            Lair (2/6) D:10
  Snake (0/4) Lair:2          Orc (2/2) D:12            Elf (0/3) Orc:2
  Swamp: Lair:2-4    Shoals: Lair:2-4

Altars:
Ashenzari
Cheibriados
Dithmenos
Elyvilon
Fedhas
Gozag
Hepliaklqana
Kikubaaqudgha
Makhleb
Nemelex Xobeh
Okawaru
Qazlal
Ru
Sif Muna
Trog
Uskayaw
Vehumet
Wu Jian
Xom
Yredelemnul
Zin
The Shining One
Beogh

Shops:
D:5 [%   D:6 :(%(   D:7 [   D:10 =:(?[   Orc:1 !   Orc:2 *%*=

Annotations:
D:9 exclusion: ice statue


Innate Abilities, Weirdness & Mutations

You reflexively headbutt those who attack you in melee.
You have a pair of horns on your head.
Your body sometimes deteriorates upon taking damage.
You are covered in fur. (AC +1)


Message History

The boomerang hits you but does no damage.
The weapon returns to the orc warrior!
The orc wizard points at you and mumbles some strange words.
The magic dart hits you!
* * * LOW HITPOINT WARNING * * *
The cyclops throws a large rock.
The large rock closely misses you.
The large rock hits the orc!!
The orc dies!
You climb downwards.
The cyclops throws a large rock.
The large rock hits you.
* * * LOW HITPOINT WARNING * * *
There is a stone staircase leading up, spattered with blood here.
You see here a large rock.
Unknown command.
You slash the orc! You burn the orc.
You kill the orc!
Dithmenos accepts your kill.
You feel sick.
You are no longer poisoned.
The cyclops throws a large rock.
The large rock hits you!!!
You die...

#............#
##...........###
#...#.#.......#
#....###..#....##
..... ####.....#.#
....#####....$...#
........#..[[.#.##
.........))..###
........$@)[##
.#....(.[#.#
###...$####
#.......
...........
.............#
.......$.....#
..$..C##.......
.....# #......#


You could see a cyclops.

Vanquished Creatures
  Azrael (Orc:1)
  Harold (D:8)
  2 two-headed ogres
  Erica (D:8)
  3 orc high priests (Orc:2)
  An ugly thing (D:12)
  4 orc sorcerers
  A cyclops (D:11)
  3 black mambas
  6 orange demons
  2 spiny frogs
  3 komodo dragons
  A red devil (D:11)
  Grinder (D:3)
  3 trolls
  Prince Ribbit (Lair:1)
  7 blink frogs
  2 slime creatures (D:12)
  7 hippogriffs
  A spriggan (D:10)
  2 wyverns (D:10)
  A vampire (D:11)
  22 yaks
  Eustachio (D:4)
  4 fire elementals (Orc:1)
  A steam dragon (D:11)
  3 wargs
  3 hell hounds
  5 porcupines
  12 water moccasins
  21 orc warriors
  A phantom (D:7)
  2 sky beasts
  2 black bears
  A necrophage (D:7)
  14 ogres
  An eye of draining (D:7)
  4 centaurs
  2 crocodiles
  4 big kobolds
  15 bullfrogs
  3 gnoll sergeants (D:12)
  5 scorpions
  4 killer bees (D:12)
  A howler monkey (D:6)
  6 crimson imps
  A bullfrog zombie (D:6)
  2 centaur zombies
  9 hounds
  A quasit (D:11)
  3 jellies
  2 bullfrog skeletons
  4 centaur skeletons
  21 orc priests
  25 orc wizards
  Crazy Yiuf (D:3)
  12 worker ants
  Terence (D:3)
  2 iguanas
  A hound skeleton (D:7)
  A howler monkey zombie (D:5)
  A worker ant zombie (D:10)
  A howler monkey skeleton (D:10)
  18 adders
  6 gnolls
  3 shadow imps
  2 oozes
  4 worms
  3 leopard geckos
  69 orcs
  2 ball pythons
  5 bats
  5 giant cockroaches
  4 goblins
  7 hobgoblins
  7 jackals
  5 quokkas
  2 frilled lizards
  2 hobgoblin zombies (D:9)
  A jackal zombie (D:7)
  12 kobolds
  3 kobold zombies (D:9)
  A leopard gecko skeleton (D:5)
  2 orc zombies (D:9)
  16 rats
458 creatures vanquished.

Vanquished Creatures (others)
  An orc high priest (Orc:2)
  An orc (Orc:1)
  2 plants
4 creatures vanquished.

Grand Total: 462 creatures vanquished

Notes
Turn   | Place    | Note
-------+----------+-------------------------------------------
     0 | D:1      | pkoi the Minotaur Gladiator began the quest for the Orb.
     0 | D:1      | Reached XP level 1. HP: 18/18 MP: 0/0
    48 | D:1      | Reached skill level 4 in Long Blades
   121 | D:1      | Reached XP level 2. HP: 22/25 MP: 1/1
   721 | D:2      | Noticed a crimson imp
   731 | D:2      | Reached skill level 5 in Long Blades
   742 | D:2      | Found a shadowy altar of Dithmenos.
   969 | D:2      | Killed a crimson imp
   969 | D:2      | Reached XP level 3. HP: 30/30 MP: 2/2
  1001 | D:2      | Became a worshipper of Dithmenos the Shadowed
  1154 | D:2      | Reached skill level 6 in Long Blades
  1154 | D:2      | Reached XP level 4. HP: 35/37 MP: 3/3
  1982 | D:3      | Reached skill level 7 in Long Blades
  1982 | D:3      | Reached XP level 5. HP: 24/42 MP: 4/4
  2377 | D:3      | Found a sparkling altar of Nemelex Xobeh.
  2378 | D:3      | Found a shadowy altar of Dithmenos.
  2445 | D:3      | Noticed Grinder
  2457 | D:3      | Paralysed by Grinder for 5 turns
  2570 | D:3      | Noticed Terence
  2574 | D:3      | Reached * piety under Dithmenos
  2587 | D:3      | Killed Terence
  2727 | D:3      | Found a runed translucent door.
  2728 | D:3      | Noticed Crazy Yiuf
  2916 | D:3      | Reached skill level 8 in Long Blades
  2999 | D:4      | Reached XP level 6. HP: 45/50 MP: 5/5
  3145 | D:4      | Reached skill level 9 in Long Blades
  3486 | D:4      | Reached XP level 7. HP: 56/56 MP: 6/6
  3508 | D:4      | Found an opulent altar of Gozag.
  3579 | D:4      | Noticed Eustachio
  3624 | D:4      | Killed Eustachio
  3624 | D:4      | Reached skill level 10 in Long Blades
  3753 | D:5      | Entered Level 5 of the Dungeon
  3772 | D:5      | Found an ornate altar of the Wu Jian Council.
  3957 | D:5      | Found a shimmering altar of Xom.
  4053 | D:5      | Found a staircase to the Ecumenical Temple.
  4077 | Temple   | Entered the Ecumenical Temple
  4201 | D:5      | Reached skill level 11 in Long Blades
  4384 | D:5      | Found Esytsoer's Armour Shoppe.
  4473 | D:5      | Found Wupp's Food Shoppe.
  4595 | D:6      | Reached ** piety under Dithmenos
  4595 | D:6      | Reached XP level 8. HP: 60/62 MP: 7/7
  4667 | D:6      | Found Uvemihat's Antique Weapon Shop.
  4676 | D:6      | Reached skill level 12 in Long Blades
  4687 | D:6      | Bought a jewelled arbalest for 275 gold pieces
  4687 | D:6      | Identified the +10 arbalest of Truth {elec, +Inv Str+2}
                  | (You bought it in a shop on level 6 of the Dungeon)
  4711 | D:6      | Found Rekuq's Food Boutique.
  4730 | D:6      | Found a radiant altar of Vehumet.
  4899 | D:6      | Found Loaciw's Book Boutique.
  5107 | D:6      | Found a glowing drain.
  5272 | D:6      | Found Cifef's Weapon Boutique.
  5459 | D:7      | Reached skill level 1 in Armour
  6023 | D:8      | Noticed Erica
  6036 | D:8      | Noticed a hippogriff
  6044 | D:8      | Gained mutation: Your body sometimes deteriorates upon
                  | taking damage. [potion of mutation]
  6044 | D:8      | Gained mutation: You are covered in fur. (AC +1) [potion of
                  | mutation]
  6055 | D:8      | Killed a hippogriff
  6055 | D:8      | Reached skill level 1 in Bows
  6058 | D:8      | Killed Erica
  6058 | D:8      | Reached skill level 13 in Long Blades
  6058 | D:8      | Reached XP level 9. HP: 7/72 MP: 8/8
  6554 | D:7      | Reached skill level 5 in Dodging
  6616 | D:7      | Reached skill level 5 in Fighting
  6689 | D:7      | Reached *** piety under Dithmenos
  6751 | D:7      | Found Qaluki's Armour Shop.
  6845 | D:8      | Noticed a two-headed ogre
  6863 | D:8      | Killed a two-headed ogre
  6863 | D:8      | Reached skill level 5 in Armour
  6863 | D:8      | Reached XP level 10. HP: 21/83 MP: 9/9
  7240 | D:8      | Identified a scroll of acquirement
  7563 | D:8      | Noticed Harold
  7575 | D:8      | Killed Harold
  7575 | D:8      | Reached skill level 5 in Bows
  7960 | D:3      | Found a bloodstained altar of Trog.
  7975 | D:3      | Paralysed by Grinder for 7 turns
  7991 | D:3      | Paralysed by Grinder for 2 turns
  7995 | D:3      | Killed Grinder
  8066 | D:3      | Killed Crazy Yiuf
  8306 | D:9      | Found a glowing golden altar of the Shining One.
  8462 | D:9      | Noticed an ice statue
  8612 | D:9      | Reached skill level 14 in Long Blades
  8690 | D:9      | Noticed a skeletal warrior
  8691 | D:9      | Noticed a skeletal warrior
  8812 | D:9      | Found a hazy altar of Hepliaklqana.
  8893 | D:9      | Found a blossoming altar of Fedhas.
  9023 | D:9      | Noticed a skeletal warrior
  9114 | D:10     | Entered Level 10 of the Dungeon
  9117 | D:10     | Found Tofinoys's Armour Boutique.
  9162 | D:10     | Reached **** piety under Dithmenos
  9169 | D:10     | Reached skill level 1 in Invocations
  9171 | D:10     | Reached skill level 1 in Stealth
  9373 | D:10     | Found Tieroc's Jewellery Emporium.
  9455 | D:10     | Noticed a two-headed ogre
  9472 | D:10     | Killed a two-headed ogre
  9472 | D:10     | Reached XP level 11. HP: 65/92 MP: 11/11
  9518 | D:10     | Found Neablomank's Magic Scroll Shoppe.
  9572 | D:10     | Found a staircase to the Lair.
  9678 | D:10     | Found Duisoeph's Weapon Shop.
  9690 | Lair:1   | Entered Level 1 of the Lair of Beasts
 10237 | Lair:1   | Found the +8 whip "Snakebite" {curare, rPois}
 10383 | Lair:1   | Noticed Prince Ribbit
 10392 | Lair:1   | Killed Prince Ribbit
 10416 | Lair:1   | Reached ***** piety under Dithmenos
 11639 | Lair:2   | Reached XP level 12. HP: 104/104 MP: 13/13
 11704 | Lair:2   | Found a staircase to the Snake Pit.
 12410 | D:10     | Found Mocozum's Book Shop.
 13050 | D:11     | Found a basalt altar of Yredelemnul.
 13245 | D:11     | Reached skill level 15 in Long Blades
 14224 | D:12     | Reached skill level 10 in Fighting
 14498 | D:12     | Found a staircase to the Orcish Mines.
 14530 | D:12     | Reached ****** piety under Dithmenos
 14655 | Orc:1    | Entered Level 1 of the Orcish Mines
 14774 | Orc:1    | Found Jaotylur's Distillery.
 14784 | Orc:1    | Reached skill level 10 in Armour
 14790 | Orc:1    | Bought a potion of flight for 54 gold pieces
 14791 | Orc:1    | Found a roughly hewn altar of Beogh.
 14875 | Orc:1    | You fall into a shaft and drop 1 floor!
 14875 | Orc:2    | Entered Level 2 of the Orcish Mines
 14965 | Orc:2    | Noticed Azrael
 15079 | Orc:1    | Killed Azrael
 15082 | Orc:1    | Reached XP level 13. HP: 30/114 MP: 3/14
 15417 | Orc:1    | Reached skill level 10 in Dodging
 15908 | Orc:2    | Found a staircase to the Elven Halls.
 16644 | Orc:2    | Found Konan's Food Boutique.
 16644 | Orc:2    | Found Ruogos's Assorted Antiques.
 16645 | Orc:2    | Found Fohof's General Store.
 16648 | Orc:2    | Found Ixynef's Jewellery Shop.
 16652 | Orc:2    | Bought a cursed amulet of inaccuracy for 26 gold pieces
 16652 | Orc:2    | Bought a cursed ring of attention for 58 gold pieces
 16791 | Orc:2    | Hit by a large rock thrown by a cyclops

Levels and vault maps discovered:
D:1:      onia_arrival_larder, layout_basic, hex_intersection,
          kennysheep_flooded_box, feat_on_display
D:2:      layout_rooms, grunt_dithmenos_smoke_and_mirrors
D:3:      layout_basic, lightli_temple_of_fire,
          chequers_temple_overflow_statue_of_worship, first_ration,
          uniq_grinder, uniq_terence, uniq_crazy_yiuf_cottage
D:4:      layout_cave_pods, grunt_gozag_breadcrumbs, uniq_eustachio
D:5:      layout_basic, old_standard_altar, minmay_temple_entry_junction,
          serial_shops, shop, nicolae_shop_waterfront, xom_teletrap_fun
D:6:      layout_gridville, cheibrodos_sewer_entry_bend, basic_altar,
          serial_shops, shop, nicolae_shop_waterfront, shop,
          nicolae_shop_crystal, lemuel_flamethrower_2
D:7:      layout_basic, serial_shops, shop, grunt_decor_cap
D:8:      layout_basic, uniq_harold, uniq_erica
D:9:      cheibrodos_frozen_isle, layout_cave_pods, lemuel_doored_altar,
          nicolae_tso_besieged_by_evil, fedhas_altar_2
D:10:     layout_cross, lair_entry_dummy, serial_shops, kennysheep_mini, shop,
          nicolae_shop_crystal, nicolae_shop_window_shopping, shop_statue,
          serial_co_window_serial, co_window_paths_a, co_window_corner_a,
          co_window_of_opportunity_a, co_window_of_opportunity_a,
          co_window_corner_a, co_window_broadway_c, co_window_corner_ca,
          co_window_of_opportunity_c, co_window_broadway_a, co_window_4corner_a,
          co_window_sun, glass_columns_c, glass_columns_a, glass_columns_b,
          glass_columns_a, the_bakery
D:11:     layout_basic, basic_altar, minmay_beelzebubs_servants
D:12:     layout_loops_cross, kennysheep_orc_monster_closet_entryway,
          jmf_multi_god_temple2
Temple:   nicolae_temple_great_sept
Lair:1:   minmay_guarded_unrand_snakebite, layout_long_grid, uniq_prince_ribbit2
Lair:2:   layout_chaotic_city, skrybe_swamp_entry_bodies,
          minmay_snake_entry_six_corridors
Orc:1:    layout_caves, serial_shops, shop, basic_altar, mines1_david
Orc:2:    st_orc_mages, layout_diamond_mine, uniq_azrael

Skill      XL: |  1  2  3  4  5  6  7  8  9 10 11 12 13 |
---------------+----------------------------------------+-----
Long Blades    | 4 5 6 7 8 9 11 13 14 15 | 15.8
Fighting       | 4 5 7 9 10 11 | 11.0
Armour         | 3 5 7 8 10 | 10.7
Bows           | 2 4 6 7 9 |  9.7
Dodging        | 4 5 7 8 9 10 | 10.4
Invocations    | 1 3 |  3.2
Stealth        | 1 3 |  3.0
Crossbows      | |  0.4
Throwing       | |  2.0

Action                   |  1- 3 |  4- 6 |  7- 9 | 10-12 | 13-15 || total
-------------------------+-------+-------+-------+-------+-------++-------
Melee: Long sword        |    67 |   132 |   196 |       |       ||   395
       Headbutt          |     8 |    31 |    64 |   150 |    34 ||   287
       Scimitar          |       |       |    72 |    19 |       ||    91
       Great sword       |       |       |       |   551 |   145 ||   696
  Use: Scroll            |       |     6 |       |    17 |       ||    23
       Potion            |       |       |     6 |     3 |       ||     9
  Eat: Chunk             |     1 |     7 |    11 |    41 |    10 ||    70
       Ration            |       |       |       |     1 |       ||     1
Armor: Leather armour    |    15 |     7 |       |       |       ||    22
       Plate armour      |       |    27 |       |   208 |    76 ||   311
       Chain mail        |       |    20 |   109 |   191 |       ||   320
       Skin              |       |       |    13 |       |       ||    13
Dodge: Dodged            |    46 |    78 |    85 |   464 |   111 ||   784
       Rpst.: Long sword |     6 |    11 |    16 |       |       ||    33
       Scimitar          |       |       |     7 |       |       ||     7
       Great sword       |       |       |       |   128 |    19 ||   147
